 Dungeon Crawl Stone Soup version 0.17.0-7-gfadd4cc (console) character file.

41 gw the Grasshopper (level 3, -3/30 HPs)
             Began as a Centaur Warper on Nov 8, 2015.
             Slain by a worm (11 damage)
             ... summoned by Xom
             ... on level 2 of the Dungeon.
             The game lasted 00:01:41 (1334 turns).

gw the Grasshopper (Centaur Warper)                 Turns: 1334, Time: 00:01:41

Health: -3/30      AC:  4    Str: 13    XL:     3   Next: 32%
Magic:  1/5        EV:  9    Int: 13    God:    Xom [......]
Gold:   26         SH:  0    Dex:  8    Spells: 3 memorised, 0 levels left

rFire  . . .     SeeInvis .     a - +0 spear
rCold  . . .     Clarity  .     b - +0 leather armour
rNeg   . . .     SustAt   .     (no shield)
rPois  .         Gourm    .     (no helmet)
rElec  .         Spirit   .     (no cloak)
rCorr  .         Warding  .     (no gloves)
rMut   .         Stasis   .     (no barding)
MR     .....                    (no amulet)
Stlth  ..........               (no ring)
                                (no ring)

@: very quick, not resistant to hostile enchantments, extremely unstealthy
A: hooves 3, deformed body, speed 2, tough skin 3
a: Renounce Religion


You were on level 2 of the Dungeon.
You worshipped Xom.
You were a very special plaything of Xom.
You were not hungry.

You visited 1 branch of the dungeon, and saw 2 of its levels.

You collected 26 gold pieces.

Inventory:

Hand Weapons
 a - a +0 spear (weapon)
Missiles
 g - 49 arrows
Armour
 b - a +0 leather armour (worn)
Scrolls
 d - a scroll of blinking
Books
 c - a book of Spatial Translocations

   Spells                             Type                      Level
   a - Apportation                    Translocation                1
   b - Blink                          Translocation                2
   c - Shroud of Golubria             Charms/Translocation         2
   d - Portal Projectile              Translocation                3
   e - Teleport Other                 Translocation                3
   f - Passage of Golubria            Translocation                4
Comestibles
 f - a bread ration


   Skills:
 + Level 2.5 Fighting
 + Level 2.2 Polearms
 - Level 1.1 Throwing
 + Level 1.0 Armour
 - Level 1.3 Dodging
 * Level 1.9 Spellcasting
 + Level 2.9 Translocations


You couldn't memorise any spells.
You knew the following spells:

 Your Spells              Type           Power        Failure   Level  Hunger
a - Apportation           Tloc           #.........   12%         1    ##.....
b - Blink                 Tloc           N/A          17%         2    ###....
c - Shroud of Golubria    Chrm/Tloc      #.........   34%         2    ###....


Dungeon Overview and Level Annotations

Branches:
Dungeon (2/15)

Altars:
Xom

Annotations:
D:2 Natasha


Innate Abilities, Weirdness & Mutations

You have hooves in place of feet.
Armour fits poorly on your strangely shaped body.
You cover ground very quickly.
You have extremely tough skin (AC +3).


Message History

KIIIITING; ATTACKING (1,0)
You hit the worm.
The worm is heavily wounded.
The worm bites you!
Unknown command.
Unknown command.
Unknown command.
Unknown command.
KIIIITING; ATTACKING (1,0)
You hit the worm but do no damage. You kick the worm.
The worm is heavily wounded.
Unknown command.
Unknown command.
Unknown command.
Unknown command.
KIIIITING; ATTACKING (1,0)
You completely miss the worm.
The worm is heavily wounded.
The worm bites you!
You die...

....5# ##....# #
#.....77 #.
#w.....77 ##.
##.......77 #...
#[..~~~...7
#...####..~~~~~...
#.....#.%%~~7~~...
#cw...~~~~~...
####...~~~...7
##.......77
##.....77 #####77


You could see a worm.

Table legend:
 A = Turns spent in this place as a percentage of turns spent in the entire game.
 B = Non-inter-level travel turns spent in this place as a percentage of non-inter-level travel turns spent in the entire game.
 C = Inter-level travel turns spent in this place as a percentage of turns spent in this place.
 D = Turns resting spent in this place as a percentage of non-inter-level travel turns spent in this place.
 E = Turns spent auto-exploring this place as a percentage of non-inter-level travel turns spent in this place.
 F = Non-inter-level travel turns spent in this place divided by the number of levels of this place that you've seen.
                   A       B       C       D       E      F
               +-------+-------+-------+-------+-------+----------------------
         Total | 100.0 | 100.0 |   0.4 |   0.7 |   1.3 | 1251.0
       Dungeon | 100.0 | 100.0 |   0.4 |   0.7 |   1.3 | 1251.0
               +-------+-------+-------+-------+-------+----------------------

Table legend:
 A = Kills in this place as a percentage of kills in entire the game.
 B = Kills by you in this place as a percentage of kills by you in the entire game.
 C = Kills by friends in this place as a percentage of kills by friends in the entire game.
 D = Other kills in this place as a percentage of other kills in the entire game.
 E = Experience gained in this place as a percentage of experience gained in the entire game.
 F = Experience gained in this place divided by the number of levels of this place that you have seen.
                   A       B       C       D       E      F
               +-------+-------+-------+-------+-------+----------------------
         Total | 100.0 | 100.0 |  -nan |  -nan | 100.0 |  29.5
       Dungeon | 100.0 | 100.0 |  -nan |  -nan | 100.0 |  29.5
               +-------+-------+-------+-------+-------+----------------------

Vanquished Creatures
  3 oozes (D:1)
  2 giant geckos (D:1)
  6 bats (D:1)
  2 giant cockroaches (D:1)
  3 hobgoblins (D:1)
  2 kobolds (D:2)
  A ball python (D:2)
  3 jackals (D:1)
  3 rats (D:1)
25 creatures vanquished.

Notes
Turn   | Place    | Note
--------------------------------------------------------------
     0 | D:1      | gw the Centaur Warper began the quest for the Orb.
     0 | D:1      | Reached XP level 1. HP: 17/17 MP: 3/3
   134 | D:1      | Found a shimmering altar of Xom.
   163 | D:1      | Became a worshipper of Xom of Malicious Giggling
   300 | D:1      | XOM: potion effect (haste)
   314 | D:1      | XOM: divination: detect items
   346 | D:1      | Reached XP level 2. HP: 24/24 MP: 4/4
   350 | D:1      | Learned a level 2 spell: Blink
   764 | D:1      | XOM: harmless Pois miscast
   801 | D:1      | XOM: silly message
   885 | D:1      | XOM: divination: detect creatures
  1002 | D:1      | Reached skill level 1 in Armour
  1002 | D:1      | Reached XP level 3. HP: 30/30 MP: 5/5
  1006 | D:1      | Learned a level 2 spell: Shroud of Golubria
  1045 | D:1      | XOM: divination: detect creatures
  1273 | D:2      | Noticed Natasha
  1274 | D:2      | XOM: divination: magic mapping
  1281 | D:2      | XOM: summons 3 hostile shadow creatures
  1297 | D:2      | XOM: 1-stop teleportation journey
  1334 | D:2      | Slain by a worm

Action                   || total
-------------------------++-------
Melee: Spear             ||    93
Throw: Tomahawk          ||     5
 Cast: Blink             ||     1
       Shroud of Golubri ||     6
  Eat: Chunk             ||     1

Vault maps used:
D:1:      wheals_arrival_linesprint, xom_teletrap_fun
D:2:      elyvilon_altar_3, uniq_robin, uniq_natasha, uniq_jessica
